 Dungeon Crawl Stone Soup version 0.25-a0-294-gea9b1ad378 (webtiles) character file.

Game seed: 16831786422679809981, levelgen mode: deterministic

38928 Faustar the Warrior (level 14, -3/128 HPs)
             Began as a Merfolk Gladiator on Dec 18, 2019.
             Was a High Priest of Okawaru.
             Slain by a black mamba (11 damage)
             ... on level 6 of the Lair of Beasts.
             The game lasted 00:51:26 (23260 turns).

Faustar the Warrior (Merfolk Gladiator)            Turns: 23260, Time: 00:51:27

Health: -3/128     AC:  6    Str: 27    XL:     14   Next: 4%
Magic:  12/19      EV: 32    Int:  7    God:    Okawaru [*****.]
Gold:   841        SH:  0    Dex: 15    Spells: 13/13 levels left

rFire    . . .     SeeInvis +   A - +6 spear of Theory {flame, +Inv rPois MR+ Str+4}
rCold    . . .     Gourm    .   (no shield)
rNeg     . . .     Faith    .   y - +1 leather armour of Hysteria {Str+3}
rPois    +         Spirit   .   p - +2 hat {MR+}
rElec    .         Reflect  .   Q - scarf {repulsion}
rCorr    +         Harm     .   (no gloves)
MR       +++..                  (boots currently unavailable)
Stlth    ++++......             (no amulet)
HPRegen  0.31/turn              q - ring of see invisible
MPRegen  0.16/turn              n - ring of resist corrosion

@: lethally poisoned (-3 -> -5), heroism, finesse, hasted, repel missiles, very
quick
A: change form in water, swift swim, stealthy swim
a: Heroism, Finesse, Renounce Religion, Evoke Invisibility


You were on level 6 of the Lair of Beasts.
You worshipped Okawaru.
Okawaru was extremely pleased with you.
You were hungry.

You visited 3 branches of the dungeon, and saw 18 of its levels.
You also visited: Sewer.

You collected 997 gold pieces.
You spent 156 gold pieces at shops.

Inventory:

Hand Weapons
 a - a +0 trident
 A - the +6 spear of Theory (weapon) {flame, +Inv rPois MR+ Str+4}
   (You took it off an orc warrior on level 9 of the Dungeon)

   It has been specially enchanted to burn those struck by it, causing extra
   injury to most foes and up to half again as much damage against particularly
   susceptible opponents.
   It affects your strength (+4).
   It protects you from poison.
   It affects your resistance to hostile enchantments.
   It lets you turn invisible.
 H - a +2 spear of venom
 N - the +4 demon trident of Sulphur {venom, rPois MP+9 SInv Stlth+}
   (Okawaru gifted it to you on level 2 of the Lair of Beasts)

   It poisons the flesh of those it strikes.
   It protects you from poison.
   It affects your magic capacity (+9).
   It lets you see invisible.
   It makes you more stealthy.
 S - the +2 bardiche "Orb Guardian's Curse" {chop, Dex+3}
   (Okawaru gifted it to you on level 6 of the Lair of Beasts)

   It inflicts extra damage upon your enemies.
   It affects your dexterity (+3).
Missiles
 t - 9 silver boomerangs (quivered)
Armour
 p - a +2 hat of magic resistance (worn)
 y - the +1 leather armour of Hysteria (worn) {Str+3}
   (You found it on level 4 of the Dungeon)

   It affects your strength (+3).
 D - a +3 ring mail of poison resistance
 G - a +1 pair of boots (melded)
 Q - a scarf of repulsion (worn)
Jewellery
 d - an uncursed ring of wizardry
 n - a ring of resist corrosion (right hand)
 q - a ring of see invisible (left hand)
 v - the ring "Fibi" {rC+ EV-2}
   (You took it off a gnoll on level 4 of the Dungeon)

   [ring of evasion]

   It affects your evasion (-2).
   It protects you from cold.
Wands
 r - a wand of flame (61)
 I - a wand of acid (7)
Scrolls
 c - 2 scrolls of enchant armour {unknown}
 h - 4 scrolls of fog {unknown}
 i - 8 scrolls of remove curse
 k - 10 scrolls of teleportation
 s - a scroll of immolation
 x - 5 scrolls of amnesia
 z - 9 scrolls of identify
 C - 4 scrolls of magic mapping
 E - a scroll of noise {unknown}
 J - a scroll of random uselessness {unknown}
 L - a scroll of enchant weapon {unknown}
 M - a scroll of fear {unknown}
 P - a scroll of holy word {unknown}
 R - 2 scrolls of vulnerability {unknown}
Potions
 b - 3 potions of haste
 e - 2 potions of ambrosia
 g - 7 potions of curing {unknown}
 j - a potion of lignification
 l - 3 potions of might
 o - 10 potions of flight
 w - 3 potions of agility
 B - 2 potions of brilliance
 F - a potion of cancellation
 K - 3 potions of magic {unknown}
 O - a potion of invisibility {unknown}
Comestibles
 f - 35 rations


   Skills:
 + Level 17.6(22.6) Fighting
 - Level 15.0(20.0) Polearms
 - Level 2.0(7.0) Throwing
 - Level 14.2(19.2) Dodging
 - Level 7.2 Invocations


You had 13 spell levels left.
You didn't know any spells.
Your spell library contained the following spells:

 Spells                   Type           Power        Failure   Level  Hunger
 Animate Skeleton         Necr           N/A          45%         1    ##.....
 Apportation              Tloc           #.....       45%         1    ##.....
 Confusing Touch          Hex            #.....       45%         1    ##.....
 Infusion                 Chrm           #...         45%         1    ##.....
 Sandblast                Erth           #.....       45%         1    ##.....
 Shock                    Conj/Air       #...         45%         1    ##.....
 Summon Butterflies       Summ           #.......     45%         1    ##.....
 Summon Small Mammal      Summ           #...         45%         1    ##.....
 Call Imp                 Summ           #.......     61%         2    ###....
 Passwall                 Tmut/Erth      #.......     61%         2    ###....
 Shroud of Golubria       Chrm/Tloc      #.....       61%         2    ###....
 Song of Slaying          Chrm           #.......     61%         2    ###....
 Swiftness                Chrm/Air       #.......     61%         2    ###....
 Call Canine Familiar     Summ           #.......     83%         3    ####...
 Regeneration             Chrm/Necr      #.........   83%         3    ####...
 Spectral Weapon          Hex/Chrm       #.......     83%         3    ####...
 Static Discharge         Conj/Air       #.......     83%         3    ####...
 Stone Arrow              Conj/Erth      #.....       83%         3    ####...
 Summon Guardian Golem    Hex/Summ       #.......     83%         3    ####...
 Airstrike                Air            #.........   99%         4    #####..
 Petrify                  Tmut/Erth      #.......     99%         4    #####..
 Summon Ice Beast         Ice/Summ       #.......     99%         4    #####..
 Summon Lightning Spire   Summ/Air       #.......     99%         4    #####..
 Lee's Rapid Deconstruct  Erth           #.........   100%        5    ######.
 Lightning Bolt           Conj/Air       #.........   100%        5    ######.
 Summon Mana Viper        Hex/Summ       #.......     100%        5    ######.
 Summon Hydra             Summ           #.........   100%        7    #######


Dungeon Overview and Level Annotations

Branches:
Dungeon (11/15)            Temple (1/1) D:7            Lair (6/6) D:9
  Swamp (0/4) Lair:3        Snake (0/4) Lair:2        Slime (0/5) Lair:5
    Orc (0/2) D:9           Sewer (visited)

Altars:
Ashenzari
Cheibriados
Dithmenos
Elyvilon
Fedhas
Gozag
Hepliaklqana
Kikubaaqudgha
Makhleb
Nemelex Xobeh
Okawaru
Qazlal
Ru
Sif Muna
Trog
Uskayaw
Vehumet
Wu Jian
Xom
Yredelemnul
Zin
The Shining One

Shops:
D:5 *


Message History

The blink frog blinks!
The spiny frog closely misses you.
The blink frog completely misses you. x2; The water moccasin bites the plant.
You can now deal lightning-fast blows.
The black mamba bites you!
* * * LOW HITPOINT WARNING * * *
The blink frog hits you.
* * * LOW HITPOINT WARNING * * *
The blink frog blinks!
The hippogriff bites the fungus.
The hippogriff pecks the fungus!
The hippogriff completely misses the fungus.
The black mamba bites the plant!
A black mamba comes into view.
The spiny frog closely misses you. The spiny frog misses you.
The blink frog completely misses you. The blink frog hits you.
* * * LOW HITPOINT WARNING * * *
A hell rat comes into view.
The water moccasin bites the plant but does no damage.
You gain the combat prowess of a mighty hero.
You feel sick. The black mamba bites you!
You die...

,,,,,,,..#......#...P....#.#
,,,****,*##.#♣≈.♣♣#####....#
,,,** *** #**♣♣≈♣ #...###
,,,,* ♣P≈♣ ##..## ,,*** ***
♣≈.♣♣ #....## ,,**
*,*♣♣♣*♣P≈P♣♣♣♣♣..(..#
,,,****,,♣P≈≈♣≈.≈PS♣≈P...###
,,***,*,,S≈≈≈YYFSFS≈.....###
,.##[.#..≈≈P♣♣YF@F♣♣♣♣...PP#
,........♣♣**♣♣F♣♣♣♣♣♣.....#
,,........,* ♣♣F♣♣♣...†..###
.,,P.....#,* ♣...♣♣.......#
..,*#....### ♣PF♣♣..S...PP#
,..*##..#..#♣♣Pr♣♣.tS....P##
..#.#....FPP.♣P..F.§StF....#
........"....rHF..F.......##
.....†..........F........##


You could see a hippogriff, 3 black mambas, 3 yaks, 2 spiny frogs, 6 blink
frogs, a water moccasin (inner flame) and 2 hell rats.

Vanquished Creatures
  Gastronok (D:8)
  Snorg (Lair:3)
  Fannar (D:10)
  3 hydras
  A catoblepas (Lair:2)
  9 death yaks
  A two-headed ogre (D:9)
  Urug (Lair:3)
  An ugly thing (D:10)
  3 black mambas
  5 spiny frogs
  2 rime drakes
  2 komodo dragons
  A polar bear (Lair:5)
  Grinder (D:6)
  10 blink frogs
  13 hippogriffs
  Sigmund (D:6)
  31 yaks
  11 wyverns
  6 basilisks
  A steam dragon (Lair:5)
  2 hungry ghosts (D:11)
  Edmund (D:6)
  10 water moccasins
  2 nagas (Lair:2)
  Duvessa (D:5)
  A hell hound (Lair:4)
  3 orc warriors (D:9)
  8 porcupines
  2 ice beasts
  An eye of draining (D:9)
  5 ogres
  4 black bears
  5 sky beasts
  4 wolves
  7 centaurs
  15 crocodiles
  2 big kobolds
  A gnoll sergeant (D:10)
  18 bullfrogs
  Dowan (D:5)
  A scorpion (D:5)
  14 wights
  5 howler monkeys
  3 electric eels
  6 crimson imps
  2 centaur zombies
  2 jellies
  3 hounds
  A quasit (D:11)
  A bullfrog zombie (D:5)
  4 bullfrog skeletons
  9 orc priests
  3 iguanas
  11 worker ants
  10 orc wizards
  2 killer bee zombies
  A worker ant zombie (D:9)
  8 adders
  10 gnolls
  A howler monkey skeleton (D:4)
  2 shadow imps
  4 worms
  3 dart slugs
  5 leopard geckos
  57 orcs
  7 giant cockroaches
  9 goblins
  5 hobgoblins
  6 jackals
  19 kobolds
  5 quokkas
  2 ball pythons
  4 bats
  4 frilled lizards
  14 rats
  A plant (Lair:3)
443 creatures vanquished.

Vanquished Creatures (others)
  A centaur zombie (D:11)
  23 fungi
  8 plants
32 creatures vanquished.

Grand Total: 475 creatures vanquished

Notes
Turn   | Place    | Note
-------+----------+-------------------------------------------
     0 | D:1      | Faustar the Merfolk Gladiator began the quest for the Orb.
     0 | D:1      | Reached XP level 1. HP: 16/16 MP: 1/1
    50 | D:1      | Reached skill level 5 in Polearms
    55 | D:1      | Reached XP level 2. HP: 14/22 MP: 2/2
   404 | D:1      | Reached XP level 3. HP: 27/27 MP: 3/3
   710 | D:2      | Found a sparkling altar of Nemelex Xobeh.
  1144 | D:2      | Reached XP level 4. HP: 32/33 MP: 4/4
  1394 | D:3      | Found a glowing drain.
  1433 | Sewer    | Entered a sewer
  1519 | Sewer    | Noticed a big kobold
  1549 | Sewer    | Killed a big kobold
  1549 | Sewer    | Reached XP level 5. HP: 21/38 MP: 5/5
  1707 | Sewer    | Found a white marble altar of Elyvilon.
  2479 | D:4      | Noticed a sky beast
  2506 | D:4      | Killed a sky beast
  2506 | D:4      | Reached XP level 6. HP: 11/44 MP: 6/6
  2773 | D:4      | Reached skill level 10 in Polearms
  2794 | D:4      | Identified the cursed ring "Fibi" {rC+ EV-2}
  3808 | D:4      | Reached XP level 7. HP: 42/50 MP: 7/7
  4084 | D:4      | Got a spiked leather armour
  4097 | D:4      | Identified the +1 leather armour of Hysteria {Str+3} (You
                  | found it on level 4 of the Dungeon)
  4530 | D:5      | Entered Level 5 of the Dungeon
  4546 | D:5      | Noticed an air elemental
  4548 | D:5      | Found a stormy altar of Qazlal.
  4552 | D:5      | Noticed a fire elemental
  4552 | D:5      | Noticed a water elemental
  4636 | D:5      | Reached skill level 3 in Fighting
  4820 | D:4      | Reached skill level 5 in Dodging
  4958 | D:5      | Noticed Duvessa
  4958 | D:5      | Noticed Dowan
  5001 | D:5      | Killed Duvessa
  5001 | D:5      | Reached skill level 4 in Fighting
  5014 | D:5      | Killed Dowan
  5261 | D:5      | Reached XP level 8. HP: 57/61 MP: 8/8
  5598 | D:5      | Reached skill level 5 in Fighting
  5618 | D:5      | Found Downossa's Assorted Antiques.
  5783 | D:5      | Bought a scroll of identify for 52 gold pieces
  6281 | D:6      | Reached skill level 6 in Fighting
  6506 | D:6      | Reached skill level 7 in Fighting
  6506 | D:6      | Reached XP level 9. HP: 38/72 MP: 9/9
  6542 | D:6      | Noticed Edmund
  6615 | D:6      | Noticed Grinder
  6633 | D:6      | Paralysed by Grinder for 4 turns
  6641 | D:6      | Killed Grinder
  6969 | D:6      | Killed Edmund
  7048 | D:6      | Noticed Sigmund
  7057 | D:6      | Killed Sigmund
  7057 | D:6      | Reached skill level 10 in Dodging
  7265 | D:6      | Reached skill level 8 in Fighting
  8177 | D:7      | Found a staircase to the Ecumenical Temple.
  8332 | Temple   | Entered the Ecumenical Temple
  8843 | D:8      | Noticed Gastronok
  8880 | D:8      | Killed Gastronok
  8880 | D:8      | Reached skill level 10 in Fighting
  8880 | D:8      | Reached XP level 10. HP: 78/85 MP: 10/10
  9056 | D:8      | Found a burning altar of Makhleb.
  9404 | D:5      | Bought a scroll of identify for 52 gold pieces
  9404 | D:5      | Bought a scroll of identify for 52 gold pieces
  9499 | D:8      | Found a sacrificial altar of Ru.
  9500 | D:8      | Found a shimmering altar of Xom.
  9501 | D:8      | Found a shadowy altar of Dithmenos.
  9501 | D:8      | Found an iron altar of Okawaru.
  9501 | D:8      | Found an ancient bone altar of Kikubaaqudgha.
  9688 | D:8      | Became a worshipper of Warmaster Okawaru
 10420 | D:9      | Identified the +6 spear of Theory {flame, +Inv rPois MR+
                  | Str+4}
 10453 | D:9      | Noticed a two-headed ogre
 10579 | D:9      | Reached skill level 11 in Fighting
 10616 | D:8      | Reached * piety under Okawaru
 11230 | D:8      | Reached XP level 11. HP: 35/93 MP: 11/11
 11233 | D:8      | HP: 4/93 [yak (11)]
 11838 | D:9      | Reached ** piety under Okawaru
 11871 | D:9      | Killed a two-headed ogre
 11871 | D:9      | Reached skill level 12 in Fighting
 12503 | D:9      | Found a staircase to the Orcish Mines.
 12734 | D:9      | Found a staircase to the Lair.
 12778 | D:10     | Entered Level 10 of the Dungeon
 13071 | D:10     | Noticed Fannar
 13099 | D:10     | Killed Fannar
 13099 | D:10     | Reached *** piety under Okawaru
 13820 | D:11     | Noticed a cyan ugly thing
 14073 | D:10     | Killed a cyan ugly thing
 14073 | D:10     | Reached **** piety under Okawaru
 14094 | D:11     | Noticed a deep elf mage
 14463 | D:11     | Noticed a manticore
 14519 | D:11     | Noticed a cyclops
 14520 | D:11     | Noticed a skeletal warrior
 14640 | Lair:1   | Entered Level 1 of the Lair of Beasts
 14650 | D:9      | Reached skill level 15 in Polearms
 14742 | D:9      | Reached skill level 1 in Invocations
 14742 | D:9      | Reached XP level 12. HP: 51/102 MP: 9/13
 15087 | Lair:1   | Noticed a seven-headed hydra
 15587 | Lair:1   | Reached skill level 5 in Invocations
 15610 | Lair:1   | Reached ***** piety under Okawaru
 16452 | Lair:2   | Noticed a catoblepas
 16566 | Lair:2   | Noticed a five-headed hydra
 16754 | Lair:2   | Received a gift from Okawaru
 16768 | Lair:2   | Got a fine demon trident {god gift}
 16809 | Lair:2   | Found a staircase to the Snake Pit.
 16823 | Lair:2   | Identified the +4 demon trident of Sulphur {venom, rPois
                  | MP+9 SInv Stlth+} (Okawaru gifted it to you on level 2 of
                  | the Lair of Beasts)
 17316 | Lair:2   | Killed a five-headed hydra
 17663 | Lair:2   | Reached skill level 13 in Fighting
 17707 | Lair:2   | Noticed a death yak
 17708 | Lair:2   | Noticed a death yak
 17855 | Lair:2   | Killed a death yak
 17881 | Lair:2   | Killed a death yak
 17881 | Lair:2   | Received a gift from Okawaru
 17881 | Lair:2   | Noticed a death yak
 17882 | Lair:2   | Noticed a death yak
 17882 | Lair:2   | Noticed a death yak
 17946 | Lair:2   | Killed a death yak
 18107 | Lair:2   | Noticed a death yak
 18157 | Lair:1   | Killed a death yak
 18157 | Lair:1   | Received a gift from Okawaru
 18157 | Lair:1   | Reached skill level 14 in Fighting
 18161 | Lair:1   | HP: 4/107 [death yak (22)]
 18185 | Lair:1   | Killed a death yak
 18185 | Lair:1   | Reached XP level 13. HP: 11/113 MP: 18/18
 18954 | Lair:3   | Received a gift from Okawaru
 18987 | Lair:3   | Noticed Snorg
 19009 | Lair:3   | Killed Snorg
 19009 | Lair:3   | Reached skill level 15 in Fighting
 19107 | Lair:3   | Noticed Urug
 19127 | Lair:3   | Killed Urug
 19146 | Lair:3   | Found a staircase to the Swamp.
 20863 | Lair:5   | Reached skill level 16 in Fighting
 22271 | Lair:5   | Reached skill level 17 in Fighting
 22845 | Lair:5   | Found a staircase to the Slime Pits.
 22901 | Lair:5   | Reached XP level 14. HP: 80/128 MP: 19/19
 23037 | Lair:6   | Entered Level 6 of the Lair of Beasts
 23105 | Lair:6   | Received a gift from Okawaru
 23106 | Lair:6   | Got a faintly glowing bardiche {god gift}
 23109 | Lair:5   | Identified the +2 bardiche "Orb Guardian's Curse" {chop,
                  | Dex+3} (Okawaru gifted it to you on level 6 of the Lair of
                  | Beasts)
 23260 | Lair:6   | Slain by a black mamba

Levels and vault maps discovered:
D:1:      denvon_arrival_waterhouse, layout_rooms, chequers_serial_rivers_room_b
D:2:      layout_loops_ring, nemelex_xobeh_ov_fountains_minmay
D:3:      layout_basic, gup_sewer_entry_pipe, kennysheep_generic_room_16
D:4:      layout_basic, minmay_diced_spiral
D:5:      layout_rooms, serial_shops, shop, first_ration,
          nicolae_qazlal_style_of_elements, uniq_duvessa
D:6:      layout_basic, chequers_ossuary_entry_cave, sigmund_edmund_badplayer,
          uniq_grinder
D:7:      layout_rooms, temple_doors_e, kennysheep_path_1
D:8:      layout_cave_pods, grunt_temple_overflow_open, kennysheep_mini,
          uniq_gastronok
D:9:      layout_basic, grunt_lair_entry_orc_guard_hut, hiddenorc2_lemuel
D:10:     layout_cave_pools, uniq_fannar
D:11:     layout_big_octagon, minivault_12
Temple:   nicolae_temple_elliptical
Lair:1:   layout_gridlike
Lair:2:   layout_regular_city, guppyfry_snake_entry_garden, grunt_megastairs_5,
          lemuel_fruit_tree, serial_bayou_shore_a
Lair:3:   layout_concentric_octagons, swamp_mist_pool, pond, uniq_urug,
          uniq_snorg
Lair:4:   layout_cave_pods
Lair:5:   layout_misc_corridors, dpeg_slime_entry_corner, special_room
          [special_room_mythical_zoo], beast_lair_carwin_8,
          infiniplex_staircase_pool
Lair:6:   grunt_lair_end_beastmaster, layout_small_grid, serial_bayou,
          serial_bayou_pond_b, serial_bayou_ford_a, serial_bayou_crossing,
          serial_bayou_lagoon_a, nicolae_quartered_pool_medium

Skill      XL: |  1  2  3  4  5  6  7  8  9 10 11 12 13 |
---------------+----------------------------------------+-----
Polearms       | 5 6 8 9 10 15 | 15.0
Fighting       | 4 7 10 11 12 14 17 | 17.6
Dodging        | 6 9 12 13 14 | 14.2
Invocations    | 1 7 |  7.2
Throwing       | |  2.0

Action                   |  1- 3 |  4- 6 |  7- 9 | 10-12 | 13-15 || total
-------------------------+-------+-------+-------+-------+-------++-------
Melee: Trident           |   108 |   183 |   469 |    57 |       ||   817
       Tailslap          |     1 |     1 |       |     1 |     4 ||     7
       Spear             |       |       |       |   807 |     7 ||   814
       Demon trident     |       |       |       |   127 |   356 ||   483
       Punch             |       |       |       |     1 |     1 ||     2
       Bardiche          |       |       |       |       |    12 ||    12
Throw: Throwing net      |       |       |     4 |     1 |       ||     5
       Boomerang         |       |       |       |       |    10 ||    10
Invok: Heroism           |       |       |       |     3 |     6 ||     9
       Finesse           |       |       |       |     1 |     6 ||     7
Evoke: Wand              |       |    10 |     5 |    19 |     2 ||    36
  Use: Scroll            |       |     7 |     3 |     3 |     5 ||    18
       Potion            |       |       |     2 |     2 |     8 ||    12
 Stab: Sleeping          |       |     1 |     3 |     2 |     5 ||    11
       Held in net/web   |       |       |     2 |     1 |       ||     3
       Distracted        |       |       |       |       |     1 ||     1
  Eat: Chunk             |     1 |     4 |    17 |    23 |    15 ||    60
       Ration            |       |     1 |       |     2 |       ||     3
Armor: Leather armour    |    26 |    19 |    62 |    88 |    27 ||   222
       Skin              |       |       |     2 |     9 |     1 ||    12
Dodge: Dodged            |    46 |    94 |   242 |   594 |   293 ||  1269
       Deflected         |       |       |       |       |     2 ||     2

Table legend:
 A = Non-vault XP
 B = Vault XP
 C = Vault XP percentage of total XP
 D = Non-vault monster count
 E = Vault monster count
 F = Vault count percentage of total count
                 A         B        C        D         E       F
            +---------+---------+-------+---------+---------+-------
      Total |   39493 |   16119 |  29.0 |     336 |     106 |  24.0
            +---------+---------+-------+---------+---------+-------
        D:1 |      40 |       0 |   0.0 |      24 |       0 |   0.0
        D:2 |      48 |       0 |   0.0 |      10 |       0 |   0.0
        D:3 |      58 |       9 |  13.4 |      24 |       4 |  14.3
        D:4 |     440 |      60 |  12.0 |      17 |       4 |  19.0
        D:5 |     663 |     218 |  24.7 |      19 |       2 |   9.5
        D:6 |    1281 |     666 |  34.2 |      24 |       3 |  11.1
        D:7 |     636 |       0 |   0.0 |      11 |       0 |   0.0
        D:8 |    2442 |    2720 |  52.7 |      37 |      24 |  39.3
        D:9 |    4296 |     455 |   9.6 |      32 |      15 |  31.9
       D:10 |    2381 |    1028 |  30.2 |      29 |       1 |   3.3
       D:11 |    1974 |       0 |   0.0 |      22 |       0 |   0.0
     Lair:1 |    5249 |     189 |   3.5 |      21 |       2 |   8.7
     Lair:2 |    8544 |     750 |   8.1 |      24 |       3 |  11.1
     Lair:3 |    1877 |    2507 |  57.2 |       8 |       8 |  50.0
     Lair:4 |    2638 |     612 |  18.8 |      12 |       3 |  20.0
     Lair:5 |    5788 |    6794 |  54.0 |      17 |      27 |  61.4
     Lair:6 |    1138 |       0 |   0.0 |       5 |       0 |   0.0
      Sewer |       0 |     111 | 100.0 |       0 |      10 | 100.0
            +---------+---------+-------+---------+---------+-------
